[Event "Titled Tuesday Blitz November 08 Late 2022"]
[White "Crevatin, Leo"]
[Black "Prem, Pranav"]
[WhiteFideId "1726307"]
[BlackFideId "30901057"]
[WhiteElo "2208"]
[BlackElo "1970"]
[Result "1/2-1/2"]
[Round "08"]
[TimeControl "180+1"]
[Date "2022.11.09"]
[WhiteClock "0:00:15"]
[BlackClock "0:00:12"]

1. e4 c5 2. Nf3 d6 3. d4 cxd4 4. Nxd4 Nf6 5. Nc3 a6 6. Bc4 e6 7. Be3 b5 8. Bb3 Bb7 9. f3 Be7 10. Qd2 O-O 11. O-O-O Nbd7 12. a3 Rc8 13. Kb1 Ne5 14. g4 Nc4 15. Bxc4 Rxc4 16. g5 Nd7 17. h4 Ne5 18. h5 b4 19. axb4 Rxb4 20. Qg2 Rxb2+ 21. Kxb2 Nc4+ 22. Kc1 Nxe3 23. Qg3 Nxd1 24. Kxd1 Bxg5 25. Rg1 Bh6 26. Nde2 f5 27. Nd4 Qf6 28. Nce2 fxe4 29. fxe4 Bxe4 30. Qxd6 Rd8 31. Qb6 Be3 32. Re1 Bxd4 33. Nxd4 Rxd4+ 34. Kc1 Rd8 35. Qxa6 Bf5 36. Qa3 Qd4 37. Qa5 Rc8 38. Re2 Qf4+ 39. Kb2 Rb8+ 40. Ka2 Qc4+ 41. Ka3 Qxe2 42. Qc7 Ra8+ 43. Kb4 Qe4+ 44. Kc5 Qd5+ 45. Kb4 Qe4+ 46. Kb3 Rf8 47. Qc5 Qxc2+ 48. Qxc2 Bxc2+ 49. Kxc2 Rf5 50. Kd2 Rxh5 51. Ke3 Rf5 52. Ke4 g5 53. Ke3 g4 54. Ke4 g3 55. Ke3 g2 56. Ke4 g1=Q 57. Kd3 Qe1 58. Kc4 Rd5 59. Kb3 Qc1 60. Ka4 Qb2 1/2-1/2


[Site "https://www.chess.com"]

[Event "Titled Tuesday Blitz November 08 Late 2022"]
[White "Curtis, John"]
[Black "Alexikov, Alexander"]
[WhiteFideId "3200256"]
[BlackFideId "14103958"]
[WhiteElo "2203"]
[BlackElo "2222"]
[Result "0-1"]
[Round "08"]
[TimeControl "180+1"]
[Date "2022.11.09"]
[WhiteClock "0:00:01"]
[BlackClock "0:00:24"]

1. e4 c5 2. Nf3 d6 3. d4 cxd4 4. Nxd4 Nf6 5. f3 a6 6. c4 Nbd7 7. Nc3 e6 8. f4 b6 9. Be2 Bb7 10. Bf3 Qc7 11. Be3 Qxc4 12. e5 Nd5 13. Nxd5 Bxd5 14. Rc1 Qb4+ 15. Kf2 dxe5 16. Bxd5 exd5 17. Nc6 Qxb2+ 18. Rc2 Qb5 19. fxe5 Rc8 20. Nd4 Rxc2+ 21. Qxc2 Qc4 22. Qf5 g6 23. Qf4 Bc5 24. Rc1 Qxa2+ 25. Rc2 Qa4 26. e6 fxe6 27. Qg4 O-O+ 28. Kg3 Bxd4 29. Qxe6+ Rf7 30. Rc8+ Nf8 31. Bh6 Bg7 32. Bxg7 Kxg7 33. Qe5+ Kh6 34. Rc3 Qe4 35. Qxe4 dxe4 36. Rc6 Nd7 37. Re6 a5 38. Rxe4 Rf5 39. Rh4+ Kg7 40. Rd4 Nf6 41. Rd6 b5 42. Rb6 a4 43. h3 Ne4+ 44. Kh2 h5 45. g4 Rc5 0-1


[Site "https://www.chess.com"]

[Event "Titled Tuesday Blitz November 08 Late 2022"]
[White "D`Arruda, Ricardo D."]
[Black "Clawitter, Craig"]
[WhiteFideId "100692"]
[BlackFideId "2023105"]
[WhiteElo "2480"]
[BlackElo "2159"]
[Result "1-0"]
[Round "08"]
[TimeControl "180+1"]
[Date "2022.11.09"]
[WhiteClock "0:00:55"]
[BlackClock "0:00:04"]

1. e4 e6 2. d4 d5 3. Nc3 Bb4 4. Qg4 Nf6 5. Qxg7 Rg8 6. Qh6 dxe4 7. Bg5 Rg6 8. Qh4 Qxd4 9. Ne2 Qe5 10. Bf4 Qh5 11. Qxh5 Nxh5 12. Bxc7 Na6 13. Be5 f6 14. Bd4 e5 15. Be3 Be6 16. O-O-O f5 17. g3 Bc5 18. Bxc5 Nxc5 19. Nb5 Ke7 20. Nec3 a6 21. Nc7 Rc8 22. Nxe6 Rxe6 23. Bc4 Rd6 24. Rxd6 Kxd6 25. Rd1+ Ke7 26. Nd5+ Kf8 27. Ne3 Ng7 28. Kb1 b5 29. Be2 Na4 30. Rd6 Ke7 31. Rxa6 Nc5 32. Ra7+ Kf6 33. Bxb5 Rb8 34. a4 Nce6 35. Nd5+ Kg6 36. h4 Nd4 37. c4 Nge6 38. Ne7+ Kh5 39. Nc6 f4 40. Nxe5 e3 41. Rxh7# 1-0


[Site "https://www.chess.com"]

[Event "Titled Tuesday Blitz November 08 Late 2022"]
[White "Derige Kane, Yan"]
[Black "Bernat, David"]
[WhiteFideId "20665431"]
[BlackFideId "2099225"]
[WhiteElo "2148"]
[BlackElo "2335"]
[Result "0-1"]
[Round "08"]
[TimeControl "180+1"]
[Date "2022.11.09"]
[WhiteClock "0:00:29"]
[BlackClock "0:00:08"]

1. e4 c5 2. Nf3 g6 3. d4 cxd4 4. Qxd4 Nf6 5. e5 Nc6 6. Qh4 Nxe5 7. Nxe5 Qa5+ 8. Nc3 Qxe5+ 9. Be2 Bg7 10. O-O O-O 11. Bf4 Qa5 12. Bg5 d6 13. Rfe1 Bf5 14. Bc4 Rae8 15. Bb5 Rc8 16. Rxe7 Rxc3 17. bxc3 Ne4 18. Bd3 Nxg5 19. Qxg5 Qxc3 20. Rb1 Bxd3 21. cxd3 Bf6 22. Rc7 Qxc7 23. Qxf6 Qc2 24. Qb2 Qxd3 25. Qxb7 Re8 26. h3 a5 27. Qb5 Re1+ 28. Kh2 Qxb1 29. Qxa5 Rh1+ 30. Kg3 Qd3+ 31. f3 Qf5 32. Qd8+ Kg7 33. Qxd6 Qf6 34. Qc7 Re1 35. f4 Re3+ 36. Kh2 Re4 0-1


[Site "https://www.chess.com"]

[Event "Titled Tuesday Blitz November 08 Late 2022"]
[White "Desideri, Ricardo Maruchi"]
[Black "Kovacevic, Radmila"]
[WhiteFideId "2110440"]
[BlackFideId "933171"]
[WhiteElo "1945"]
[BlackElo "2208"]
[Result "0-1"]
[Round "08"]
[TimeControl "180+1"]
[Date "2022.11.09"]
[WhiteClock "0:00:03"]
[BlackClock "0:00:24"]

1. e4 e5 2. f4 exf4 3. Bc4 d5 4. Bxd5 c6 5. Bb3 Qh4+ 6. Kf1 Bg4 7. Nf3 Bxf3 8. Qxf3 Bc5 9. c3 g5 10. d4 Be7 11. g3 Qh3+ 12. Kf2 Nh6 13. Bd1 Nd7 14. gxf4 Qh4+ 15. Kf1 O-O-O 16. Qg3 gxf4 17. Qxh4 Bxh4 18. Bxf4 Ng8 19. Bg4 Nf6 20. Bf5 Rde8 21. Nd2 Nh5 22. Bd6 Be7 23. Bxe7 Rxe7 24. Nc4 Kc7 25. e5 f6 26. e6 Nb6 27. Nxb6 axb6 28. Rg1 Ng7 29. Bh3 Nxe6 30. Re1 Rhe8 31. Bxe6 Kd6 32. Kf2 Rxe6 33. Rxe6+ Kxe6 34. Re1+ Kf7 35. Rxe8 Kxe8 36. Kf3 Kf7 37. Kf4 Kg6 38. h4 Kh5 39. Kf5 Kxh4 40. Kxf6 Kg4 41. Ke5 h5 42. Ke4 Kg3 43. c4 h4 44. d5 cxd5+ 45. cxd5 h3 46. d6 h2 47. d7 h1=Q+ 48. Ke5 Qe1+ 49. Kd6 Qd2+ 50. Kc7 Qf4+ 51. Kxb7 Qd6 52. Kc8 Qc6+ 53. Kd8 Kf4 54. Ke8 Qe6+ 55. Kd8 Ke5 56. Kc7 Qd6+ 57. Kc8 Qc6+ 0-1


[Site "https://www.chess.com"]

[Event "Titled Tuesday Blitz November 08 Late 2022"]
[White "Diaz Rosas, Julio Cesar"]
[Black "Liu, Kelsey"]
[WhiteFideId "5105099"]
[BlackFideId "30944481"]
[WhiteElo "2246"]
[BlackElo "2346"]
[Result "1-0"]
[Round "08"]
[TimeControl "180+1"]
[Date "2022.11.09"]
[WhiteClock "0:00:15"]
[BlackClock "0:00:07"]

1. e4 c5 2. Nf3 e6 3. g3 Nc6 4. Bg2 Nf6 5. Qe2 d5 6. exd5 Nxd5 7. O-O Be7 8. Rd1 Bf6 9. Nc3 O-O 10. Ne4 Nd4 11. Nxd4 cxd4 12. c3 Bd7 13. Qd3 Ba4 14. b3 dxc3 15. dxc3 Bc6 16. Bb2 Qe7 17. Qe2 Rfd8 18. c4 Bxb2 19. Qxb2 Nf6 20. Nxf6+ gxf6 21. Bxc6 bxc6 22. Qc3 e5 23. Qe3 Kg7 24. Qe4 Qe6 25. h4 f5 26. Qe3 Rd7 27. Qg5+ Kf8 28. Rxd7 Qxd7 29. Qf6 Re8 30. Qh8+ Ke7 31. Qxe5+ Kd8 32. Qf6+ Kc8 33. Qc3 Re2 34. Re1 Rxe1+ 35. Qxe1 Kc7 36. Qe5+ Kb6 37. Kg2 a6 38. b4 Qe6 39. Qxe6 fxe6 40. a3 c5 41. Kf3 cxb4 42. axb4 a5 43. bxa5+ Kxa5 44. Kf4 Kb4 45. Ke5 Kxc4 46. Kxe6 Kd3 47. Kxf5 Ke2 48. g4 Kxf2 49. g5 Kg3 50. h5 Kh4 51. g6 1-0


[Site "https://www.chess.com"]

[Event "Titled Tuesday Blitz November 08 Late 2022"]
[White "Do Nascimento,Christian Almeida"]
[Black "Yano, William Jorge Froes"]
[WhiteFideId "2143801"]
[BlackFideId "2112949"]
[WhiteElo "2079"]
[BlackElo "2122"]
[Result "1-0"]
[Round "08"]
[TimeControl "180+1"]
[Date "2022.11.09"]
[WhiteClock "0:01:37"]
[BlackClock "0:00:35"]

1. d4 Nf6 2. Bg5 c5 3. d5 b5 4. c4 e6 5. Nf3 h6 6. Bxf6 Qxf6 7. Nc3 a6 8. e4 b4 9. e5 Qg6 10. Bd3 Qh5 11. Ne4 f6 12. dxe6 dxe6 13. exf6 Nd7 14. Ng3 Qf7 15. fxg7 Bxg7 16. Qe2 Bb7 17. Ne4 O-O-O 18. Nd6+ 1-0


[Site "https://www.chess.com"]

[Event "Titled Tuesday Blitz November 08 Late 2022"]
[White "Estrada Nieto, Julian"]
[Black "Yuan, Qingyu"]
[WhiteFideId "5101018"]
[BlackFideId "8609772"]
[WhiteElo "2221"]
[BlackElo "2359"]
[Result "0-1"]
[Round "08"]
[TimeControl "180+1"]
[Date "2022.11.09"]
[WhiteClock "0:00:04"]
[BlackClock "0:00:15"]

1. e4 c6 2. d4 d5 3. Nc3 dxe4 4. Nxe4 Nf6 5. Nxf6+ exf6 6. c3 Bd6 7. Bd3 O-O 8. Ne2 Re8 9. Qc2 h5 10. h3 Nd7 11. O-O h4 12. Bd2 Nf8 13. Rae1 g6 14. Kh1 Be6 15. Ng1 Rc8 16. Nf3 f5 17. Bg5 Be7 18. Bxe7 Qxe7 19. Qd2 Qf6 20. c4 Kg7 21. Qf4 Rcd8 22. Rd1 Nh7 23. Rfe1 g5 24. Qe5 Qxe5 25. Rxe5 Kf6 26. Bf1 Nf8 27. b3 Ng6 28. Ree1 Rd6 29. Rd2 Red8 30. Red1 g4 31. Ne1 Kg5 32. Nc2 b6 33. Ne3 f4 34. Nxg4 f5 35. Nh2 Kf6 36. Nf3 Bf7 37. Kg1 a5 38. c5 bxc5 39. dxc5 Rxd2 40. Rxd2 Rxd2 41. Nxd2 Ne5 42. f3 Nd7 43. Bc4 Be8 44. Kf2 Nxc5 45. Ke2 Bd7 46. Nb1 Ke5 47. Kd2 Kd4 48. Nc3 Nb7 49. Ne2+ Ke5 50. Kc3 c5 51. a3 Bc6 52. Bd3 Nd6 53. a4 Bd5 54. Bc2 c4 55. bxc4 Bxc4 56. Nc1 Bf1 57. Nd3+ Bxd3 58. Bxd3 Kd5 59. Ba6 Kc5 60. Bd3 Nc8 61. Bxf5 Nb6 62. Bc2 Nd5+ 63. Kd3 Nb4+ 64. Kc3 Nd5+ 65. Kd3 Ne3 66. Bb1 Nxg2 67. Ke4 Kb4 68. Kf5 Kxa4 69. Be4 Kb3 70. Bc6 a4 71. Bxa4+ Kxa4 72. Kg4 Kb3 73. Kf5 Kc3 74. Ke4 Kd2 75. Kf5 Ke3 76. Kg4 Kf2 0-1


[Site "https://www.chess.com"]

[Event "Titled Tuesday Blitz November 08 Late 2022"]
[White "Ezat, Mohamed"]
[Black "Martinez Reyes, Pedro Ramon"]
[WhiteFideId "10600906"]
[BlackFideId "3901807"]
[WhiteElo "2386"]
[BlackElo "2354"]
[Result "0-1"]
[Round "08"]
[TimeControl "180+1"]
[Date "2022.11.09"]
[WhiteClock "0:01:44"]
[BlackClock "0:01:54"]

1. d4 Nf6 2. Nf3 c6 3. c4 g6 4. Nc3 Bg7 5. e4 O-O 6. e5 Ne8 7. Bd3 d6 8. exd6 Nxd6 9. O-O Bg4 10. Be3 Nf5 11. Bxf5 Bxf5 12. Ne5 Nd7 13. f4 Nxe5 14. dxe5 Bd3 15. Re1 Bxc4 16. Qa4 b5 17. Qa6 Qc8 18. Qxc8 Rfxc8 19. b3 Be6 20. Ne4 f6 21. exf6 exf6 22. Nc5 Bd5 23. Bd4 Re8 24. f5 gxf5 25. Nd7 Kf7 26. Kf2 Re4 27. Rxe4 fxe4 28. Nc5 a5 29. g4 h5 30. h3 hxg4 31. hxg4 Rh8 32. Kg3 Bf8 33. Re1 Bd6+ 34. Kf2 Rh2+ 35. Ke3 Bg3 36. Rd1 Bf2+ 37. Kf4 e3 38. Ne4 Bxe4 39. Kxe4 e2 0-1


[Site "https://www.chess.com"]

[Event "Titled Tuesday Blitz November 08 Late 2022"]
[White "Faizrakhmanov, Ramil"]
[Black "Putnam, Liam"]
[WhiteFideId "24103209"]
[BlackFideId "30938279"]
[WhiteElo "2437"]
[BlackElo "2082"]
[Result "0-1"]
[Round "08"]
[TimeControl "180+1"]
[Date "2022.11.08"]
[WhiteClock "0:01:06"]
[BlackClock "0:01:10"]

1. d4 Nf6 2. c4 e6 3. Nf3 Bb4+ 4. Bd2 a5 5. a3 Be7 6. Nc3 d5 7. Bf4 O-O 8. e3 b6 9. cxd5 Nxd5 10. Nxd5 exd5 11. Bd3 Ba6 12. O-O Bd6 13. Bxh7+ Kxh7 14. Ng5+ Kg8 15. Qh5 Bd3 16. Rfc1 Bg6 17. Qg4 Bxf4 18. Qxf4 Na6 19. h4 Qf6 20. Qg3 c5 21. Rd1 c4 22. f3 Rfe8 23. Kf2 b5 24. Rh1 Rxe3 25. h5 Qxd4 26. hxg6 Rxa3+ 27. Ke2 Qe3+ 28. Kd1 Rxa1+ 29. Kc2 Qd3# 0-1


[Site "https://www.chess.com"]

[Event "Titled Tuesday Blitz November 08 Late 2022"]
[White "Fernandez De La Vara, Arnaldo"]
[Black "Deac, Bogdan-Daniel"]
[WhiteFideId "3518388"]
[BlackFideId "1226380"]
[WhiteElo "2387"]
[BlackElo "2648"]
[Result "0-1"]
[Round "08"]
[TimeControl "180+1"]
[Date "2022.11.08"]
[WhiteClock "0:00:05"]
[BlackClock "0:00:06"]

1. Nf3 d5 2. g3 Nd7 3. d4 Ngf6 4. Bg2 e6 5. O-O Be7 6. b3 O-O 7. Bb2 b5 8. Nbd2 Rb8 9. e4 Nxe4 10. Nxe4 dxe4 11. Nd2 f5 12. Re1 Bd6 13. c4 bxc4 14. Nxc4 Bb4 15. Re2 Bb7 16. Rc1 Nf6 17. a3 Bd6 18. Rec2 Bd5 19. b4 f4 20. Nxd6 cxd6 21. gxf4 Qe8 22. Rc3 Nh5 23. R1c2 Nxf4 24. Rg3 Nxg2 25. Kxg2 e3+ 26. f3 h5 27. h4 Qe7 28. Bc1 Bb3 29. Bxe3 Rbc8 30. Rc7 Qxc7 31. Qxb3 Qc2+ 32. Qxc2 Rxc2+ 33. Kh3 Rc3 34. f4 Rxa3 35. d5 exd5 36. Kg2 d4 37. Bxd4 Rxg3+ 38. Kxg3 a6 39. Kf3 Rf5 40. Ke4 Rb5 41. Bc3 g6 42. Kd4 Kf7 43. Ke4 Ke6 44. Bd2 Kd7 45. Bc3 Kc6 46. Bd2 Rf5 47. Bc3 Kb5 48. Bd2 Kc4 49. Be1 d5+ 50. Ke3 Rf7 51. Bd2 Re7+ 52. Kf3 d4 53. f5 gxf5 54. Bg5 Re4 55. Bf4 Kxb4 56. Bd6+ Kb5 57. Be7 a5 58. Ba3 a4 59. Bc1 d3 60. Bd2 a3 0-1


[Site "https://www.chess.com"]

[Event "Titled Tuesday Blitz November 08 Late 2022"]
[White "Ferreira, Vitor Hugo Vieira"]
[Black "Therrien, Alex L"]
[WhiteFideId "2119765"]
[BlackFideId "412856"]
[WhiteElo "2168"]
[BlackElo "2214"]
[Result "1-0"]
[Round "08"]
[TimeControl "180+1"]
[Date "2022.11.09"]
[WhiteClock "0:01:26"]
[BlackClock "0:00:01"]

1. Nf3 d5 2. g3 c6 3. Bg2 Bf5 4. O-O e6 5. c4 Nf6 6. cxd5 exd5 7. d3 Be7 8. Nc3 O-O 9. Nd4 Bg6 10. e4 Na6 11. e5 Nd7 12. f4 h6 13. f5 Bh7 14. f6 Bc5 15. Qg4 Bg6 16. fxg7 Kxg7 17. e6 Ne5 18. Qf4 Qg5 19. Qf2 Nxd3 20. Bxg5 Nxf2 21. Be3 Ng4 22. Nf5+ Bxf5 23. Bxc5 Nxc5 24. Rxf5 fxe6 25. Rxf8 Rxf8 26. b4 Nd3 27. Bh3 h5 28. b5 c5 29. b6 axb6 30. Rb1 Ndf2 31. Bg2 d4 32. Ne2 Ne3 33. Bxb7 Rf7 34. Bc6 Nd3 35. Be4 Nb4 36. Nf4 1-0


[Site "https://www.chess.com"]

[Event "Titled Tuesday Blitz November 08 Late 2022"]
[White "Fier, Alexandr"]
[Black "Bortnyk, Mykola"]
[WhiteFideId "2107139"]
[BlackFideId "14120836"]
[WhiteElo "2617"]
[BlackElo "2582"]
[Result "1-0"]
[Round "08"]
[TimeControl "180+1"]
[Date "2022.11.08"]
[WhiteClock "0:00:58"]
[BlackClock "0:00:06"]

1. c4 e5 2. Nc3 Nf6 3. Nf3 e4 4. Ng5 b5 5. d3 exd3 6. Qxd3 bxc4 7. Qxc4 d5 8. Qb3 h6 9. Nf3 c5 10. e3 c4 11. Qd1 Nc6 12. Be2 Bd6 13. O-O O-O 14. b3 Be6 15. Bb2 Qe7 16. Nb5 Bc5 17. Nbd4 Nxd4 18. Nxd4 Ne4 19. Rc1 Rfd8 20. Nc6 Qg5 21. Nxd8 Rxd8 22. Bf3 Rd6 23. Qe2 Bh3 24. Rfd1 Rg6 25. g3 Re6 26. Bd4 Ba3 27. Rc2 cxb3 28. axb3 Qf5 29. Bg2 Bxg2 30. Kxg2 Ng5 31. h4 Qh3+ 32. Kg1 Ne4 33. Qf3 Rg6 34. Be5 Qe6 35. Bb8 a5 36. Qf4 Qh3 37. Rxd5 Nf6 38. Rd8+ Kh7 39. Rcc8 1-0


[Site "https://www.chess.com"]

[Event "Titled Tuesday Blitz November 08 Late 2022"]
[White "Fiol, Fabrice"]
[Black "Rodriguez Santiago, Jaime"]
[WhiteFideId "611670"]
[BlackFideId "3100898"]
[WhiteElo "2456"]
[BlackElo "2025"]
[Result "0-1"]
[Round "08"]
[TimeControl "180+1"]
[Date "2022.11.09"]
[WhiteClock "0:00:09"]
[BlackClock "0:00:29"]

1. e4 c6 2. Nf3 d5 3. d3 dxe4 4. Ng5 Nf6 5. Nc3 h6 6. Ngxe4 Nxe4 7. Nxe4 Bf5 8. Ng3 Bg6 9. Be2 e6 10. h4 Nd7 11. h5 Bh7 12. Be3 Be7 13. Bf3 Bf6 14. c3 Ne5 15. d4 Nd3+ 16. Kf1 Nxb2 17. Qb3 Qb6 18. Be4 Qa6+ 19. Kg1 Nc4 20. Bxh7 Rxh7 21. Ne4 Be7 22. Rb1 O-O-O 23. Bf4 Rd7 24. Rh3 Rh8 25. Rg3 Bf6 26. Nxf6 gxf6 27. a4 e5 28. dxe5 fxe5 29. Be3 f5 30. Rg6 f4 31. Bc1 Na5 32. Qe6 Rd8 33. Rg8 Rxg8 34. Qxg8+ Kc7 35. Ba3 Qd3 36. Rc1 Nc4 37. Bf8 Qd2 38. Rf1 f3 39. Qg4 fxg2 40. Qxg2 Qf4 41. Bc5 Nd2 42. Re1 Nf3+ 43. Kf1 Nxe1 44. Kxe1 Qd2+ 45. Kf1 Qd1# 0-1


[Site "https://www.chess.com"]

[Event "Titled Tuesday Blitz November 08 Late 2022"]
[White "Firouzja, Alireza"]
[Black "Swiercz, Dariusz"]
[WhiteFideId "12573981"]
[BlackFideId "1126881"]
[WhiteElo "2903"]
[BlackElo "2627"]
[Result "1-0"]
[Round "08"]
[TimeControl "180+1"]
[Date "2022.11.08"]
[WhiteClock "0:01:24"]
[BlackClock "0:00:01"]

1. e4 c6 2. d4 d5 3. e5 Bf5 4. Nf3 e6 5. Be2 Ne7 6. O-O h6 7. Nbd2 Nd7 8. Nb3 Bh7 9. a4 a6 10. Bd2 Ng6 11. c4 Be7 12. Na5 Rb8 13. cxd5 cxd5 14. b4 O-O 15. Nb3 f6 16. exf6 Nxf6 17. Nc5 Bxc5 18. bxc5 Ne4 19. a5 Qc7 20. Re1 Rf6 21. Ra3 Rbf8 22. Be3 Nf4 23. Ne5 Nxe2+ 24. Rxe2 Rf5 25. f3 Nf6 26. Bf2 Nd7 27. Bg3 Nxe5 28. Bxe5 Qc8 29. Rb3 R5f7 30. Rb6 Re8 31. Reb2 Bg6 32. Qe1 Bd3 33. R2b3 Bb5 34. f4 Bc6 35. Rg3 Ree7 36. h3 Qf8 37. Rg4 Rf5 38. Rb3 Ref7 39. Rbg3 g6 40. Rxg6+ Kh7 41. Rg7+ Rxg7 42. Rxg7+ Qxg7 43. Bxg7 Kxg7 44. Qxe6 Rxf4 45. Qe5+ Rf6 46. g4 Kg6 47. h4 Bb5 48. h5+ Kg7 49. g5 hxg5 50. Qxg5+ Kf7 51. Qxd5+ Kg7 52. Qxb7+ Rf7 53. Qg2+ Kh6 54. Qd2+ Kxh5 55. d5 Kg6 56. c6 Kf6 57. Qc3+ 1-0


[Site "https://www.chess.com"]

[Event "Titled Tuesday Blitz November 08 Late 2022"]
[White "Gardezi, Arsal"]
[Black "Marcolino, Daniel Mattos"]
[WhiteFideId "30949521"]
[BlackFideId "2106841"]
[WhiteElo "1906"]
[BlackElo "2095"]
[Result "1/2-1/2"]
[Round "08"]
[TimeControl "180+1"]
[Date "2022.11.09"]
[WhiteClock "0:00:24"]
[BlackClock "0:01:12"]

1. Nf3 d5 2. d4 Nf6 3. c4 e6 4. cxd5 exd5 5. Nc3 Bd6 6. Bg5 Be6 7. e3 Nbd7 8. Bd3 c6 9. O-O O-O 10. e4 dxe4 11. Nxe4 Be7 12. Bf4 Nd5 13. Bg3 N7f6 14. a3 Nxe4 15. Bxe4 Bf6 16. Ne5 g6 17. f4 Bg7 18. f5 Bxf5 19. Bxf5 gxf5 20. Rxf5 Ne7 21. Rf1 Ng6 22. Kh1 Nxe5 23. dxe5 Qxd1 24. Raxd1 Rad8 25. h3 Rfe8 26. Rxd8 Rxd8 27. Rf3 Rd5 28. Rb3 b5 29. Rc3 c5 30. Re3 Kf8 31. e6 fxe6 32. Rxe6 Bxb2 33. Ra6 Rd7 34. Bd6+ Rxd6 35. Rxd6 Bxa3 36. Ra6 b4 37. Rxa7 c4 38. Rc7 c3 39. Kg1 Bb2 40. Kf1 b3 41. Ke2 c2 42. Kd2 c1=Q+ 43. Rxc1 Bxc1+ 44. Kxc1 Kf7 45. Kb2 Kf6 46. Kxb3 Ke5 47. Kc4 Kf4 48. Kb4 Kg3 49. Kc4 Kxg2 50. h4 Kf3 51. h5 Ke4 52. Kc3 Kf5 53. Kd3 Kg5 54. Ke3 Kxh5 55. Kf2 Kg4 56. Kg2 Kf4 57. Kh1 Kg3 58. Kg1 h5 59. Kh1 h4 60. Kg1 h3 61. Kh1 h2 1/2-1/2


[Site "https://www.chess.com"]

[Event "Titled Tuesday Blitz November 08 Late 2022"]
[White "Gareyev, Timur"]
[Black "Sourath Biswas"]
[WhiteFideId "14200937"]
[BlackFideId "35091484"]
[WhiteElo "2552"]
[BlackElo "2164"]
[Result "1-0"]
[Round "08"]
[TimeControl "180+1"]
[Date "2022.11.08"]
[WhiteClock "0:00:05"]
[BlackClock "0:00:05"]

1. c4 Nf6 2. Nc3 g6 3. e4 d6 4. d4 Bg7 5. Be2 O-O 6. Be3 e5 7. d5 Na6 8. g4 Nd7 9. h4 f5 10. gxf5 gxf5 11. Nf3 Ndc5 12. Rg1 f4 13. Bd2 Kh8 14. a3 c6 15. b4 Nd7 16. Ng5 Nf6 17. Qb3 Qe7 18. O-O-O h6 19. Nf3 Bd7 20. dxc6 bxc6 21. c5 Be6 22. Qa4 dxc5 23. Nxe5 Bf7 24. Nxf7+ Rxf7 25. Bxa6 Nxe4 26. Rge1 Nxc3 27. Bxc3 Qc7 28. Qc2 Raf8 29. Bc4 Re7 30. Qg6 Bxc3 31. Qxh6+ 1-0


[Site "https://www.chess.com"]

[Event "Titled Tuesday Blitz November 08 Late 2022"]
[White "Gasparyan, David"]
[Black "Aqib Javaid Butt"]
[WhiteFideId "13311980"]
[BlackFideId "7801262"]
[WhiteElo "2294"]
[BlackElo "1659"]
[Result "0-1"]
[Round "08"]
[TimeControl "180+1"]
[Date "2022.11.09"]
[WhiteClock "0:00:42"]
[BlackClock "0:00:44"]

1. d4 d5 2. Nf3 c6 3. Bf4 Nf6 4. e3 Bg4 5. Bd3 Nbd7 6. Nbd2 g6 7. h3 Bxf3 8. Qxf3 Bg7 9. g4 O-O 10. h4 Re8 11. Qg3 h5 12. f3 c5 13. c3 cxd4 14. cxd4 e6 15. Bd6 e5 16. dxe5 Qb6 17. exf6 Qxe3+ 18. Kd1 Qxd3 19. fxg7 Rac8 20. Bc7 Re2 21. Qf4 Rxc7 22. Qh6 Rxd2+ 23. Qxd2 Qxf3+ 24. Qe2 Qxh1+ 25. Qe1 Qxe1+ 26. Kxe1 hxg4 27. Rd1 Nf6 28. Kf2 Kxg7 29. Kg3 Re7 30. Rd3 Re4 31. a3 Nh5+ 32. Kg2 Nf4+ 33. Kg3 Nxd3 34. b4 Ne5 35. b5 f5 36. b6 f4+ 37. Kf2 axb6 38. a4 Rxa4 39. Kg2 Ra2+ 40. Kg1 Nf3+ 41. Kf1 g3 42. h5 Rf2# 0-1


[Site "https://www.chess.com"]

[Event "Titled Tuesday Blitz November 08 Late 2022"]
[White "Girsh, Daniel"]
[Black "Danielyan, Vahe"]
[WhiteFideId "30949190"]
[BlackFideId "13304828"]
[WhiteElo "2075"]
[BlackElo "2423"]
[Result "0-1"]
[Round "08"]
[TimeControl "180+1"]
[Date "2022.11.09"]
[WhiteClock "0:02:00"]
[BlackClock "0:02:24"]

1. d4 e6 2. c4 d5 3. Nf3 Nf6 4. Nc3 Bb4 5. e3 O-O 6. Bd3 c5 7. O-O Bxc3 8. bxc3 dxc4 9. Bxc4 Qc7 10. Bd3 Nc6 11. e4 Rd8 12. Bb2 Ne7 13. e5 Nfd5 14. Bxh7+ Kxh7 15. Ng5+ Kg8 16. Qh5 Ng6 17. h4 Ndf4 18. Qh7+ Kf8 19. h5 Qe7 20. Ne4 Ne2+ 21. Kh1 Qh4# 0-1


[Site "https://www.chess.com"]

[Event "Titled Tuesday Blitz November 08 Late 2022"]
[White "Guha, Eshan"]
[Black "Souleidis, Georgios"]
[WhiteFideId "30958628"]
[BlackFideId "4206827"]
[WhiteElo "2387"]
[BlackElo "2401"]
[Result "1/2-1/2"]
[Round "08"]
[TimeControl "180+1"]
[Date "2022.11.09"]
[WhiteClock "0:00:09"]
[BlackClock "0:00:08"]

1. d4 Nf6 2. c4 g6 3. g3 Bg7 4. Bg2 O-O 5. Nc3 d6 6. Nf3 Nc6 7. O-O e5 8. dxe5 Nxe5 9. Nxe5 dxe5 10. Bg5 Qxd1 11. Rfxd1 c6 12. Rac1 h6 13. Bxf6 Bxf6 14. Ne4 Be7 15. c5 Be6 16. Nd6 Bxd6 17. Rxd6 Bxa2 18. Rd7 Rfb8 19. e4 Be6 20. Rc7 a5 21. Ra1 a4 22. Bf1 Kf8 23. Be2 Ke8 24. Rd1 Ra5 25. f4 Rxc5 26. f5 gxf5 27. exf5 Bxf5 28. Bh5 Be6 29. Rd6 Bb3 30. Rdd7 Rc1+ 31. Kf2 Rc2+ 32. Ke3 Rd8 33. Re7+ Kf8 34. Bxf7 Rcd2 35. Bxb3 axb3 36. Rf7+ Kg8 37. Rg7+ Kh8 38. Rh7+ Kg8 39. Rcg7+ Kf8 40. Rf7+ Kg8 41. Rhg7+ Kh8 42. Rh7+ Kg8 43. Rfg7+ Kf8 44. Rxb7 Kg8 45. Rhg7+ Kh8 46. Rh7+ Kg8 47. Rhg7+ Kh8 48. Rh7+ Kg8 1/2-1/2


[Site "https://www.chess.com"]

[Event "Titled Tuesday Blitz November 08 Late 2022"]
[White "Hajiyev, Kanan"]
[Black "Barria Zuniga, Daniel"]
[WhiteFideId "13404148"]
[BlackFideId "3400816"]
[WhiteElo "2118"]
[BlackElo "2414"]
[Result "0-1"]
[Round "08"]
[TimeControl "180+1"]
[Date "2022.11.09"]
[WhiteClock "0:00:02"]
[BlackClock "0:00:47"]

1. d4 g6 2. Nf3 Bg7 3. g3 c5 4. c3 Qc7 5. Bg2 Nf6 6. O-O O-O 7. Bf4 d6 8. Na3 Nbd7 9. Qc1 a6 10. Bh6 b5 11. Bxg7 Kxg7 12. Nc2 Bb7 13. Re1 Rac8 14. a3 Rfe8 15. Qg5 h6 16. Qd2 Be4 17. Rac1 Qb7 18. Nh4 Bxg2 19. Nxg2 Nb6 20. Nce3 Rc7 21. Red1 cxd4 22. Qxd4 Rec8 23. Nh4 Nc4 24. Rc2 Qe4 25. Qxe4 Nxe4 26. Nd5 Rb7 27. Nf3 e6 28. Nb4 a5 29. Nd3 d5 30. Nfe5 f6 31. Nf3 g5 32. g4 Kf7 33. Kg2 e5 34. h4 Ke6 35. hxg5 hxg5 36. Rh1 Rcc7 37. Rh6 Rh7 38. Rxh7 Rxh7 39. Nde1 f5 40. gxf5+ Kxf5 41. Nh2 Nxf2 42. Nf1 Ng4 43. Kf3 e4+ 44. Kg3 Rh1 45. Kg2 Rxf1 0-1


[Site "https://www.chess.com"]

[Event "Titled Tuesday Blitz November 08 Late 2022"]
[White "Hansen, Eric"]
[Black "Przybylski, Wojciech"]
[WhiteFideId "2606771"]
[BlackFideId "1117599"]
[WhiteElo "2568"]
[BlackElo "2221"]
[Result "1-0"]
[Round "08"]
[TimeControl "180+1"]
[Date "2022.11.09"]
[WhiteClock "0:00:12"]
[BlackClock "0:00:01"]

1. d4 Nf6 2. c4 e6 3. Nc3 Bb4 4. e3 O-O 5. Ne2 d5 6. a3 Bd6 7. cxd5 exd5 8. Ng3 c6 9. Bd3 Re8 10. O-O Nbd7 11. f3 Qc7 12. e4 Bxg3 13. hxg3 Qxg3 14. e5 Nh5 15. f4 Qh4 16. Be3 Ng3 17. Rf3 Nf8 18. Qe1 Qh1+ 19. Kf2 Qxe1+ 20. Kxe1 Nf5 21. Bf2 h5 22. Kd2 g6 23. Rh1 Nh6 24. Bf1 Bg4 25. Rg3 Nf5 26. Rd3 Ne6 27. g3 Nh6 28. Na4 Bf5 29. Rb3 b5 30. Nc3 Ng4 31. Bg1 a5 32. Nd1 Be4 33. Rh4 Ng7 34. Be2 Nf5 35. Rxg4 hxg4 36. Bxg4 Kg7 37. Be2 Rh8 38. g4 Ne7 39. Nf2 f6 40. exf6+ Kxf6 41. Re3 Rae8 42. Rc3 Kf7 43. Re3 Nc8 44. Rc3 Re6 45. Nxe4 dxe4 46. a4 Rd8 47. axb5 cxb5 48. Bxb5 Ne7 49. Bc4 Nd5 50. Ra3 Red6 51. Rxa5 Ke8 52. Bh2 Nf6 53. g5 Rxd4+ 54. Kc3 Ng4 55. Bg1 Rd1 56. Bc5 Rc1+ 57. Kb4 1-0


[Site "https://www.chess.com"]